 Dungeon Sprint DCSS version 0.28-a0-691-gad6df49e81 (webtiles) character file.

Game seed: 15486218599156699575

5900000 ytrimaz the Conqueror (level 21, -200/224 HPs)
             Began as a Black Draconian Gladiator on Oct 20, 2021.
             Was the Champion of Makhleb.
             Annihilated by a sculptor of flesh (220 damage)
             ... in the Dungeon (Sprint VIII: "Arena of Blood").
             The game lasted 00:04:50 (59 turns).

ytrimaz the Conqueror (Black Draconian Gladiator)     Turns: 59, Time: 00:04:50

Health: -200/224   AC: 11    Str: 26    XL:     21   Next: 99%
Magic:  22/38      EV: 25    Int:  9    God:    Makhleb [******]
Gold:   0          SH:  0    Dex: 13    Spells: 33/33 levels left

rFire   . . .      SeeInvis .   i - +∞ Axe of Woe
rCold   . . .      Faith    .   (shield currently unavailable)
rNeg    . . .      Spirit   .   (armour unavailable)
rPois   .          Reflect  .   a - +0 hat
rElec   +          Harm     .   (no cloak)
rCorr   .          Rampage  .   (no gloves)
Will    +....      NoTele   +   (no boots)
Stlth   +++++++++.              (no amulet)
HPRegen 0.47/turn               (no ring)
MPRegen 0.26/turn               (no ring)

@: flying
A: breathe lightning, AC +11, unfitting armour, big wings, electricity
resistance, cold-blooded
a: Breathe Lightning, Renounce Religion, Minor Destruction, Lesser Servant of
Makhleb, Major Destruction, Greater Servant of Makhleb


You were in the Dungeon.
You worshipped Makhleb.
Makhleb was exalted by your worship.
You visited 1 branch

Inventory:

Hand Weapons
 i - the +∞ Axe of Woe (weapon)
   (You found it in the Dungeon)
Missiles
 b - 3 throwing nets (quivered)
Armour
 a - a +0 hat (worn)
Scrolls
 h - a scroll of blinking
Potions
 c - a potion of curing
 d - a potion of heal wounds
 e - a potion of haste
 f - 2 potions of magic
 g - a potion of berserk rage


   Skills:
 O Level 27 Fighting
 + Level 9.6(11.2) Short Blades
 + Level 9.2(11.0) Long Blades
 O Level 27 Axes
 + Level 7.3(20.0) Maces & Flails
 + Level 7.4(20.0) Polearms
 + Level 9.2(11.4) Staves
 + Level 6.7(19.1) Slings
 + Level 8.5 Bows
 + Level 8.5 Crossbows
 O Level 27 Throwing
 O Level 27 Dodging
 O Level 27 Stealth
 O Level 27 Shields
 O Level 27 Unarmed Combat
 + Level 6.7 Spellcasting
 + Level 9.2 Conjurations
 + Level 8.5 Hexes
 + Level 9.2 Summonings
 + Level 9.6 Necromancy
 + Level 9.6 Translocations
 + Level 9.6 Transmutations
 + Level 9.6 Fire Magic
 + Level 9.6 Ice Magic
 + Level 11.3 Air Magic
 + Level 8.0 Earth Magic
 + Level 9.6 Poison Magic
 O Level 27 Invocations
 O Level 27 Evocations


You had 33 spell levels left.
You didn't know any spells.
Your spell library was empty.

Dungeon Overview and Level Annotations

Branches:
Dungeon (1/1)

Altars:
Makhleb


Innate Abilities, Weirdness & Mutations

You can breathe wild blasts of lightning.
Your glossy black scales are hard. (AC +11)
You cannot fit into any form of body armour.
Your large and strong wings let you fly.
You are resistant to electric shocks. (rElec)
You are cold-blooded and may be slowed by cold attacks.


Message History

a +9 battleaxe; a +30 ring of slaying; a meat berserker corpse Unknown command.
You slice the meat berserker!!
You hew the meat berserker savagely.
You kill the meat berserker!
Makhleb accepts your kill.
You slash the tyrant! You chop the tyrant into pieces.
You destroy the tyrant!
Makhleb accepts your kill.
You feel better.
You hear a shout! x7
Your base Short Blades skill increases to level 9!
Your base Long Blades skill gained 2 levels and is now at level 9!
Your base Maces & Flails skill gained 2 levels and is now at level 7!
Your base Polearms skill gained 2 levels and is now at level 7!
Your base Staves skill gained 2 levels and is now at level 9!
Your base Slings skill increases to level 6!
Your Bows skill increases to level 8!
Your Crossbows skill increases to level 8!
Your Spellcasting skill increases to level 6!
Your Conjurations skill gained 2 levels and is now at level 9!
Your Hexes skill increases to level 8!
Your Summonings skill gained 2 levels and is now at level 9!
Your Necromancy skill increases to level 9!
Your Translocations skill increases to level 9!
Your Transmutations skill increases to level 9!
Your Fire Magic skill increases to level 9!
Your Ice Magic skill increases to level 9!
Your Air Magic skill gained 2 levels and is now at level 11!
Your Earth Magic skill gained 2 levels and is now at level 8!
Your Poison Magic skill increases to level 9!
Unknown command.
The dread appears out of thin air!
A dread comes into view.
You hear a shout! x8
The bag of meat hits you with a +9 war axe!!
* * * LOW HITPOINT WARNING * * *
You hear a shout! x3
The sculptor of flesh hits you with a +9 great sword!!!!!
Ouch! That really hurt!
You die...

....._.......o..
#..)..#.......# .
#_)<._#.o..... .
....#.o)).#.MOo.§#.#
......._)........M..
......###)M...oo..#.
..###.....))###oo....
. #.....☼°#.zW.....
#.....☼)#@o......
.......○.).ooV....
.....○○....o.#...#
....°)§..O..#....#
.....§☼...##.....#
#........#. ....#
......OM#. .###..
.#........... ..
....... ..


You could see 2 accurseds, a destroyer, a sculptor of flesh, a dread
(wandering), 2 meat berserkers and 8 bags of meat.

Vanquished Creatures
  A royal mummy (D)
  7 vampire knights (D)
  16 ogres (D)
  A two-headed ogre (D)
  2 liches (D)
  A hydra (D)
  28 orcs (D)
  4 skeletal warriors (D)
60 creatures vanquished.

Vanquished Creatures (others)
  A two-headed ogre (D)
1 creature vanquished.

Grand Total: 61 creatures vanquished

Notes
Turn   | Place    | Note
-------+----------+-------------------------------------------
     0 | D        | Found the +∞ Axe of Woe
     0 | D        | ytrimaz the Draconian Gladiator began the quest for the
                  | Orb.
     0 | D        | Reached XP level 1. HP: 17/17 MP: 1/1
     1 | D        | Noticed a bag of meat
     1 | D        | Noticed a bag of meat
     2 | D        | Noticed a bag of meat
     3 | D        | Noticed a bag of meat
     5 | D        | Became a worshipper of Makhleb the Destroyer
     7 | D        | Noticed a meat berserker
     8 | D        | Killed a bag of meat
     8 | D        | Noticed a meat berserker
     8 | D        | Noticed a bag of meat
     9 | D        | Reached XP level 2. HP: 55/55 MP: 2/2
     9 | D        | Reached XP level 3. HP: 62/62 MP: 3/3
     9 | D        | Reached XP level 4. HP: 70/70 MP: 4/4
     9 | D        | Reached XP level 5. HP: 77/77 MP: 5/5
     9 | D        | Reached XP level 6. HP: 85/85 MP: 6/6
     9 | D        | Your scales start taking on a glossy black colour.
     9 | D        | Reached XP level 7. HP: 92/92 MP: 7/7
     9 | D        | Gained mutation: You are resistant to electric shocks.
                  | (rElec) [Black Draconian growth]
     9 | D        | Reached XP level 8. HP: 100/100 MP: 8/8
     9 | D        | Reached XP level 9. HP: 107/107 MP: 9/9
     9 | D        | Reached XP level 10. HP: 115/115 MP: 10/10
     9 | D        | Killed a bag of meat
     9 | D        | Reached * piety under Makhleb
     9 | D        | Killed a bag of meat
     9 | D        | Noticed a bag of meat
    10 | D        | Reached XP level 11. HP: 134/134 MP: 11/11
    10 | D        | Reached XP level 12. HP: 143/143 MP: 12/12
    10 | D        | Noticed a meat berserker
    10 | D        | Noticed a meat berserker
    10 | D        | Noticed a bag of meat
    10 | D        | Noticed a bag of meat
    12 | D        | Killed a meat berserker
    12 | D        | Killed a meat berserker
    12 | D        | Reached ** piety under Makhleb
    13 | D        | Reached XP level 13. HP: 88/157 MP: 13/13
    13 | D        | Gained mutation: Your large and strong wings let you fly.
                  | [Black Draconian growth]
    13 | D        | Reached XP level 14. HP: 93/166 MP: 14/14
    13 | D        | Killed a meat berserker
    13 | D        | Noticed a meat berserker
    14 | D        | Reached skill level 27 in Fighting
    14 | D        | Noticed a meat berserker
    14 | D        | Noticed a bag of meat
    15 | D        | Killed a meat berserker
    15 | D        | Killed a bag of meat
    15 | D        | Reached *** piety under Makhleb
    16 | D        | Reached skill level 27 in Axes
    16 | D        | Reached XP level 15. HP: 162/174 MP: 15/15
    16 | D        | Noticed a meat berserker
    17 | D        | Killed a meat berserker
    18 | D        | Reached skill level 10 in Invocations
    18 | D        | Killed a meat berserker
    18 | D        | Reached **** piety under Makhleb
    19 | D        | Reached skill level 27 in Dodging
    19 | D        | Reached XP level 16. HP: 183/183 MP: 15/29
    19 | D        | Noticed a destroyer
    20 | D        | Killed a meat berserker
    22 | D        | Reached skill level 27 in Invocations
    22 | D        | Reached ***** piety under Makhleb
    22 | D        | Noticed a destroyer
    23 | D        | Killed a destroyer
    23 | D        | Noticed a destroyer
    24 | D        | Reached skill level 5 in Short Blades
    24 | D        | Reached skill level 5 in Long Blades
    24 | D        | Reached skill level 5 in Staves
    24 | D        | Reached skill level 5 in Shields
    24 | D        | Reached skill level 5 in Conjurations
    24 | D        | Reached skill level 5 in Summonings
    24 | D        | Reached skill level 5 in Necromancy
    24 | D        | Reached skill level 5 in Translocations
    24 | D        | Reached skill level 5 in Transmutations
    24 | D        | Reached skill level 5 in Fire Magic
    24 | D        | Reached skill level 5 in Ice Magic
    24 | D        | Reached skill level 5 in Poison Magic
    24 | D        | Reached skill level 5 in Evocations
    24 | D        | Reached XP level 17. HP: 191/191 MP: 15/34
    25 | D        | Killed a destroyer
    26 | D        | Reached skill level 15 in Evocations
    27 | D        | Reached XP level 18. HP: 200/200 MP: 16/35
    27 | D        | Noticed a meat berserker
    27 | D        | Noticed a destroyer
    27 | D        | Noticed a large bag of meat
    29 | D        | Noticed an eight-headed meat hydra
    32 | D        | Killed a meat berserker
    32 | D        | Reached ****** piety under Makhleb
    32 | D        | Noticed a meat berserker
    33 | D        | Noticed a sculptor of flesh
    34 | D        | Noticed a meat berserker
    35 | D        | Noticed a sculptor of flesh
    35 | D        | Killed a destroyer
    35 | D        | Noticed a destroyer
    36 | D        | Noticed a sculptor of flesh
    37 | D        | Killed a meat berserker
    37 | D        | Noticed a large bag of meat
    38 | D        | Reached XP level 19. HP: 207/207 MP: 18/36
    39 | D        | Reached skill level 27 in Evocations
    39 | D        | Killed a destroyer
    39 | D        | Killed a large bag of meat
    40 | D        | Reached skill level 27 in Stealth
    41 | D        | Noticed a meat berserker
    42 | D        | Killed a meat berserker
    42 | D        | Noticed a meat berserker
    43 | D        | Killed a large bag of meat
    44 | D        | Noticed an accursed
    44 | D        | Killed a meat berserker
    45 | D        | Reached skill level 27 in Shields
    45 | D        | Reached skill level 5 in Unarmed Combat
    45 | D        | Killed a destroyer
    45 | D        | Noticed a meat berserker
    46 | D        | Reached XP level 20. HP: 65/216 MP: 20/37
    46 | D        | Noticed a tyrant
    46 | D        | Noticed a destroyer
    47 | D        | Noticed a destroyer
    47 | D        | Noticed a meat berserker
    48 | D        | Killed a meat berserker
    49 | D        | Killed a destroyer
    50 | D        | Killed a tyrant
    50 | D        | Killed a nine-headed meat hydra
    51 | D        | Noticed an accursed
    51 | D        | Killed a meat berserker
    52 | D        | Reached skill level 27 in Unarmed Combat
    52 | D        | Noticed a meat berserker
    52 | D        | Noticed a tyrant
    52 | D        | Noticed a meat berserker
    53 | D        | Killed an accursed
    53 | D        | Killed a destroyer
    54 | D        | Reached skill level 27 in Throwing
    54 | D        | Reached XP level 21. HP: 60/224 MP: 21/38
    55 | D        | Reached skill level 5 in Earth Magic
    57 | D        | Reached skill level 5 in Maces & Flails
    57 | D        | Reached skill level 5 in Polearms
    57 | D        | Reached skill level 5 in Slings
    57 | D        | Reached skill level 5 in Spellcasting
    57 | D        | Noticed an accursed
    57 | D        | Noticed a destroyer
    57 | D        | Noticed an accursed
    58 | D        | Killed a tyrant
    59 | D        | Annihilated by a sculptor of flesh

Illustrated notes

Levels and vault maps discovered:
D:        meatsprint

Skill      XL: |  1  2  3  4  5  6  7  8  9 10 11 12 13 14 15 16 17 18 19 20 21 |
---------------+----------------------------------------------------------------+-----
Fighting       | 19 23 26 27 | 27.0
Axes           | 18 23 25 27 | 27.0
Dodging        | 14 23 27 | 27.0
Invocations    | 18 27 | 27.0
Short Blades   | 5 9 |  9.6
Long Blades    | 5 9 |  9.2
Staves         | 5 9 |  9.2
Bows           | 4 8 |  8.5
Crossbows      | 4 8 |  8.5
Shields        | 5 6 27 | 27.0
Conjurations   | 5 9 |  9.2
Hexes          | 4 8 |  8.5
Summonings     | 5 9 |  9.2
Necromancy     | 5 9 |  9.6
Translocations | 5 9 |  9.6
Transmutations | 5 9 |  9.6
Fire Magic     | 5 9 |  9.6
Ice Magic      | 5 9 |  9.6
Air Magic      | 7 11 | 11.3
Earth Magic    | 4 8 |  8.0
Poison Magic   | 5 9 |  9.6
Evocations     | 5 17 26 27 | 27.0
Stealth        | 16 26 27 | 27.0
Throwing       | 9 27 | 27.0
Unarmed Combat | 18 27 | 27.0
Maces & Flails | 7 |  7.3
Polearms       | 7 |  7.4
Slings         | 6 |  6.7
Spellcasting   | 6 |  6.7

Action                   |  1- 3 |  4- 6 |  7- 9 | 10-12 | 13-15 | 16-18 | 19-21 || total
-------------------------+-------+-------+-------+-------+-------+-------+-------++-------
Melee: Executioner's axe |     1 |       |       |     2 |     4 |    12 |    19 ||    38
Invok: Lesser Servant of |       |       |       |       |     1 |       |       ||     1
Armor: Skin              |       |       |       |       |       |       |     1 ||     1
Dodge: Dodged            |       |       |       |     1 |       |       |       ||     1

Table legend: (Time is in decaauts)
 A = Elapsed time spent in this place.
 B = Non-inter-level travel time spent in this place.
 C = Inter-level travel time spent in this place.
 D = Time resting spent in this place.
 E = Time spent auto-exploring this place.
 F = Levels seen in this place.
 G = Mean time per level.
                   A        B        C        D        E       F      G
               +--------+--------+--------+--------+--------+-----+--------+
         Total |     48 |     48 |      0 |      0 |      0 |   1 |   48.0 |
       Dungeon |     48 |     48 |      0 |      0 |      0 |   1 |   48.0 |
               +--------+--------+--------+--------+--------+-----+--------+

Top non-repeatable levels by time:
       D: 48 daAuts
